 Dungeon Crawl Stone Soup version 0.20.1-1-g8b1a95d (webtiles) character file.

15 darkhara the Vexing (level 2, 0/27 HPs)
             Began as an Ogre Arcane Marksman on Sept 6, 2017.
             Slain by a goblin
             ... wielding a +0 dagger
             ... led by Robin
              (6 damage)
             ... on level 2 of the Dungeon.
             The game lasted 00:05:28 (848 turns).

darkhara the Vexing (Ogre Arcane Marksman)           Turns: 848, Time: 00:05:29

Health: 0/27       AC:  4    Str: 13    XL:     2   Next: 50%
Magic:  3/3        EV: 12    Int: 14    God:
Gold:   39         SH:  0    Dex:  9    Spells: 2/3 levels left

rFire    . . .     SeeInvis .   a - +1 shortbow
rCold    . . .     Gourm    .   (shield currently unavailable)
rNeg     . . .     Faith    .   e - +1 robe
rPois    .         Spirit   .   (helmet restricted)
rElec    .         Reflect  .   (no cloak)
rCorr    .         Harm     .   (gloves unavailable)
MR       .....                  (boots unavailable)
Stlth    +.........             (no amulet)
Regen    0.1/turn               h - +2 ring of evasion
MPRegen  0.1/turn               (no ring)

@: no status effects
A: unfitting armour, tough skin 1
a: no special abilities


You were on level 2 of the Dungeon.
You were not hungry.

You visited 1 branch of the dungeon, and saw 2 of its levels.

You collected 39 gold pieces.

Inventory:

Hand Weapons
 a - a +1 shortbow (weapon)
 b - a +0 club
 g - a +0 spear
Missiles
 d - 23 arrows (quivered)
Armour
 e - a +1 robe (worn)
 k - a +0 helmet
Jewellery
 h - a +2 ring of evasion (left hand)
Potions
 j - a potion of heal wounds
 m - a potion of magic {unknown}
Books
 c - a book of Debilitation

   Spells                             Type                      Level
   a - Corona                         Hexes                        1
   b - Slow                           Hexes                        2
   c - Inner Flame                    Hexes/Fire                   3
   d - Portal Projectile              Hexes/Translocation          3
   e - Cause Fear                     Hexes                        4
   f - Leda's Liquefaction            Hexes/Earth                  4
Comestibles
 f - a bread ration
 l - a meat ration


   Skills:
 + Level 1.3 Fighting
 + Level 1.5 Bows
 + Level 2.0 Dodging
 + Level 1.3 Spellcasting
 + Level 3.1 Hexes


You had 2 spell levels left.
You knew the following spells:

 Your Spells              Type           Power        Failure   Level  Hunger
a - Corona                Hex            #......      7%          1    ##.....


Dungeon Overview and Level Annotations

Branches:
Dungeon (2/15)

Altars:

Annotations:
D:2 Robin


Innate Abilities, Weirdness & Mutations

You are too large for most types of armour.
You have tough skin. (AC +1)


Message History

You clumsily bash the goblin but do no damage.
The goblin barely misses you.
The hobgoblin hits you but does no damage.
The goblin barely misses you. The goblin hits you but does no damage.
The goblin misses you. x3; The hobgoblin closely misses you.
You closely miss the goblin. The goblin hits you but does no damage.
The goblin misses you. The goblin barely misses you. x2
The hobgoblin completely misses you. The goblin closely misses you.
You clumsily bash the goblin but do no damage.
The goblin hits you with a club. The hobgoblin misses you.
The goblin misses you. x2; The goblin hits you with a dagger.
* * * LOW HITPOINT WARNING * * *
The goblin misses you. The hobgoblin misses you. The goblin closely misses you.
You clumsily bash the goblin but do no damage.
The goblin barely misses you. The goblin hits you with a dagger.
* * * LOW HITPOINT WARNING * * *
The goblin hits you but does no damage. The goblin closely misses you.
The hobgoblin closely misses you. The goblin hits you but does no damage.
The goblin hits you with a dagger.
You die...

###..##
#...# #.#.#
#.#.##
##.#..# .
#...#.# ...
#...#..
....g###g..#
.#
...gggg@g..#
....gggg####
.....gggr
.......l##
........#
.####...#
....# ##....


You could see Robin, a leopard gecko, 4 hobgoblins, 9 goblins and a rat.

Vanquished Creatures
  A worm (D:2)
  A giant cockroach (D:1)
  2 goblins
  2 hobgoblins (D:1)
  2 bats (D:1)
  2 kobolds (D:1)
  3 rats
13 creatures vanquished.

Notes
Turn   | Place    | Note
-------+----------+-------------------------------------------
     0 | D:1      | darkhara the Ogre Arcane Marksman began the quest for the Orb.
     0 | D:1      | Reached XP level 1. HP: 19/19 MP: 2/2
   489 | D:1      | Reached skill level 3 in Hexes
   506 | D:1      | Reached XP level 2. HP: 22/27 MP: 1/3
   838 | D:2      | Noticed Robin
   848 | D:2      | Slain by a goblin

Skill      XL: |  1  2 |
---------------+-------+-----
Hexes          | 3 |  3.1
Dodging        | 2 |  2.0
Fighting       | |  1.3
Bows           | |  1.5
Spellcasting   | |  1.3

Action                   || total
-------------------------++-------
Melee: Shortbow          ||    12
 Fire: Shortbow          ||    55
 Cast: Corona            ||     5
  Use: Scroll            ||     4
Armor: Robe              ||    26
Dodge: Dodged            ||    73
